NYP
CINCINNATI (NYP) REDS @ STATE COLLEGE SPIKES
09/15/2049
 
TOP OF THE 1ST
Cincinnati (NYP) Reds batting - Pitching for State College Spikes : RHP Jake Newman
Pitching: RHP Jake Newman
Batting: LHB Fernando Gomez 0-0: Ground out 1-3 (Groundball, 15S, EV 70.6 MPH)
Batting: SHB Cesar Pelayo 0-0: Foul Ball, location: 2F
0-1: Foul Ball, location: 2F
0-2: SINGLE (Line Drive, 8LS, EV 108.8 MPH)
Batting: RHB Chris Christaldi 0-0: SINGLE (Line Drive, 4M, EV 107.5 MPH)
Cesar Pelayo to second
Batting: RHB Nick Moreno 0-0: Ball
1-0: Ball
2-0: Ball
3-0: Base on Balls
Cesar Pelayo to third
Chris Christaldi to second
Batting: LHB Josh Slusarczyk 0-0: Ball
1-0: Ball
2-0: Foul Ball, location: 2F
2-1: Called Strike
2-2: Ball
3-2: Foul Ball, location: 2F
3-2: Strikes out swinging
Batting: RHB Alex de Leon 0-0: Called Strike
0-1: Foul Ball, location: 2F
0-2: Strikes out swinging
Top of the 1st over - 0 runs, 2 hits, 0 errors, 3 left on base; Cincinnati (NYP) 0 - State College 0
BOTTOM OF THE 1ST
State College Spikes batting - Pitching for Cincinnati (NYP) Reds : RHP Hugo Pirir
Pitching: RHP Hugo Pirir
Batting: RHB Ben Politi 0-0: Ball
1-0: Ball
2-0: Ball
3-0: Foul Ball, location: 2F
3-1: Foul Ball, location: 2F
3-2: Strikes out looking
Batting: RHB Shou-feng Chang 0-0: Called Strike
0-1: Called Strike
0-2: Strikes out looking
Batting: LHB Ken Morehead 0-0: Foul Ball, location: 2F
0-1: Swinging Strike
0-2: Ball
1-2: Ball
2-2: Ball
3-2: Reached on error, E4 (Groundball, 4, EV 85.6 MPH)
Batting: LHB Ken Compton 0-0: Ball
1-0: Foul Ball, location: 2F
1-1: Foul Ball, location: 2F
1-2: TRIPLE (Line Drive, 9LD, EV 99.4 MPH)
Ken Morehead scores
Batting: RHB Nelson Salamanca 0-0: Ball
1-0: Ground out 4-3 (Groundball, 6MD, EV 84.4 MPH)
Bottom of the 1st over - 1 run, 1 hit, 1 error, 1 left on base; Cincinnati (NYP) 0 - State College 1
TOP OF THE 2ND
Cincinnati (NYP) Reds batting - Pitching for State College Spikes : RHP Jake Newman
Batting: LHB Martin Koka 0-0: Called Strike
0-1: Called Strike
0-2: Ball
1-2: Strikes out swinging
Batting: RHB Badr al Din Ridha 0-0: Ground out 6-3 (Groundball, 56, EV 90.6 MPH)
Batting: LHB Brandon Sarni 0-0: Ball
1-0: Fly out, F8 (Flyball, 89M, EV 75.6 MPH)
Top of the 2nd over - 0 runs, 0 hits, 0 errors, 0 left on base; Cincinnati (NYP) 0 - State College 1
BOTTOM OF THE 2ND
State College Spikes batting - Pitching for Cincinnati (NYP) Reds : RHP Hugo Pirir
Batting: SHB Justin Houser 0-0: Ground out 4-3 (Groundball, 4, EV 86.2 MPH)
Batting: RHB Mario Carbajal 0-0: Ball
1-0: Ball
2-0: Called Strike
2-1: Ball
3-1: Foul Ball, location: 2F
3-2: Foul Ball, location: 2F
3-2: Fly out, F8 (Flyball, 8LM, EV 90.0 MPH)
Batting: RHB Edgar Klockow 0-0: Ball
1-0: Ball
2-0: Ball
3-0: Called Strike
3-1: Called Strike
3-2: Base on Balls
Batting: RHB John James 0-0: Swinging Strike
0-1: Fielders Choice at 2nd, 5-4 (Groundball, 5L, EV 85.0 MPH)
Bottom of the 2nd over - 0 runs, 0 hits, 0 errors, 1 left on base; Cincinnati (NYP) 0 - State College 1
TOP OF THE 3RD
Cincinnati (NYP) Reds batting - Pitching for State College Spikes : RHP Jake Newman
Batting: LHB Fernando Gomez 0-0: Reached on error, E6 (Groundball, 6, EV 90.0 MPH)
Batting: SHB Cesar Pelayo 0-0: Ball
1-0: Foul Ball, location: 2F
1-1: Ball
2-1: Called Strike
2-2: Fly out, F7 (Flyball, 78M, EV 88.8 MPH)
Batting: RHB Chris Christaldi 0-0: Ball
1-0: Called Strike
1-1: Ball
2-1: Ball
Fernando Gomez steals 3rd base
3-1: Hit by Pitch
Batting: RHB Nick Moreno 0-0: Called Strike
0-1: Fly out, F7 (Flyball, 7, EV 88.8 MPH)
Batting: LHB Josh Slusarczyk 0-0: Ball
1-0: Ball
2-0: Called Strike
2-1: Foul Ball, location: 2F
2-2: Strikes out swinging
Top of the 3rd over - 0 runs, 0 hits, 1 error, 2 left on base; Cincinnati (NYP) 0 - State College 1
BOTTOM OF THE 3RD
State College Spikes batting - Pitching for Cincinnati (NYP) Reds : RHP Hugo Pirir
Batting: RHB Ben Politi 0-0: Fly out, F9 (Flyball, 9, EV 90.0 MPH)
Batting: RHB Shou-feng Chang 0-0: Ball
1-0: Fly out, F8 (Flyball, 89D, EV 96.9 MPH)
Batting: LHB Ken Morehead 0-0: Ball
1-0: Ball
2-0: Ball
3-0: Base on Balls
Batting: LHB Ken Compton 0-0: Called Strike
0-1: Ball
1-1: Reached on error, E5 (Groundball, 5L, EV 81.2 MPH)
Ken Morehead to third
Batting: RHB Nelson Salamanca 0-0: Ball
1-0: SINGLE (Line Drive, 5D, EV 94.4 MPH)
Ken Morehead scores
Ken Compton to third
Runner from 3rd tries for Home, throw by LF and OUT! 7-2
Bottom of the 3rd over - 1 run, 1 hit, 1 error, 1 left on base; Cincinnati (NYP) 0 - State College 2
TOP OF THE 4TH
Cincinnati (NYP) Reds batting - Pitching for State College Spikes : RHP Jake Newman
Batting: RHB Alex de Leon 0-0: Called Strike
0-1: Fly out, F8 (Flyball, 8LD, EV 84.4 MPH)
Batting: LHB Martin Koka 0-0: Called Strike
0-1: Foul Ball, location: 2F
0-2: Ground out 4-3 (Groundball, 4M, EV 76.9 MPH)
Batting: RHB Badr al Din Ridha 0-0: Bunt missed!
0-1: Ball
1-1: Ground out U3 (Groundball, 3, EV 81.2 MPH)
Top of the 4th over - 0 runs, 0 hits, 0 errors, 0 left on base; Cincinnati (NYP) 0 - State College 2
BOTTOM OF THE 4TH
State College Spikes batting - Pitching for Cincinnati (NYP) Reds : RHP Hugo Pirir
Batting: SHB Justin Houser 0-0: Called Strike
0-1: Ball
1-1: SINGLE (Groundball, 6M, EV 98.1 MPH) (infield hit)
Batting: RHB Mario Carbajal 0-0: Ball
1-0: Called Strike
Justin Houser is caught stealing 2nd base 2-4
1-1: Called Strike
1-2: Ball
2-2: Foul Ball, location: 2F
2-2: Strikes out looking
Batting: RHB Edgar Klockow 0-0: Ball
1-0: Ball
2-0: Ball
3-0: Called Strike
3-1: Base on Balls
Batting: RHB John James 0-0: Ball
1-0: Ball
Edgar Klockow is caught stealing 2nd base 2-4
Bottom of the 4th over - 0 runs, 1 hit, 0 errors, 0 left on base; Cincinnati (NYP) 0 - State College 2
TOP OF THE 5TH
Cincinnati (NYP) Reds batting - Pitching for State College Spikes : RHP Jake Newman
Batting: LHB Brandon Sarni 0-0: Ball
1-0: SINGLE (Groundball, 4MD, EV 100.0 MPH)
Batting: LHB Fernando Gomez 0-0: Foul Ball, location: 2F
0-1: Ball
1-1: Foul Ball, location: 2F
1-2: Foul Ball, location: 2F
1-2: Ball
2-2: Fly out, F8 (Flyball, 8RM, EV 81.2 MPH)
Batting: SHB Cesar Pelayo 0-0: Called Strike
0-1: Ball
1-1: Ball
2-1: Grounds into double play, 6-4-3 (Groundball, 6, EV 81.9 MPH)
Top of the 5th over - 0 runs, 1 hit, 0 errors, 0 left on base; Cincinnati (NYP) 0 - State College 2
BOTTOM OF THE 5TH
State College Spikes batting - Pitching for Cincinnati (NYP) Reds : RHP Hugo Pirir
Batting: RHB John James 0-0: Foul Ball, location: 2F
0-1: Swinging Strike
0-2: Ball
1-2: Strikes out swinging
Pitching: LHP Hiroshi Mukae
Batting: RHB Ben Politi 0-0: Foul Ball, location: 2F
0-1: Foul Ball, location: 2F
0-2: Ball
1-2: Ground out 6-3 (Groundball, 56, EV 88.1 MPH)
Batting: RHB Shou-feng Chang 0-0: Ground out 6-3 (Groundball, 6D, EV 105.6 MPH)
Bottom of the 5th over - 0 runs, 0 hits, 0 errors, 0 left on base; Cincinnati (NYP) 0 - State College 2
TOP OF THE 6TH
Cincinnati (NYP) Reds batting - Pitching for State College Spikes : RHP Jake Newman
Batting: RHB Chris Christaldi 0-0: Ground out 6-3 (Groundball, 6, EV 106.9 MPH)
Batting: RHB Nick Moreno 0-0: Called Strike
0-1: Ball
1-1: Foul Ball, location: 2F
1-2: SINGLE (Groundball, 15S, EV 76.2 MPH) (infield hit)
Batting: LHB Josh Slusarczyk 0-0: Ball
1-0: Foul Ball, location: 2F
1-1: Ball
2-1: Ball
3-1: Base on Balls
Nick Moreno to second
Batting: RHB Alex de Leon 0-0: Called Strike
0-1: Foul Ball, location: 2F
0-2: Foul Ball, location: 2F
0-2: Grounds into double play, 4-6-3 (Groundball, 4, EV 96.9 MPH)
Top of the 6th over - 0 runs, 1 hit, 0 errors, 1 left on base; Cincinnati (NYP) 0 - State College 2
BOTTOM OF THE 6TH
State College Spikes batting - Pitching for Cincinnati (NYP) Reds : LHP Hiroshi Mukae
Batting: LHB Ken Morehead 0-0: Foul Ball, location: 2F
0-1: Called Strike
0-2: Strikes out looking
Batting: LHB Ken Compton 0-0: Called Strike
0-1: DOUBLE (Line Drive, 9LS, EV 98.8 MPH)
Batting: RHB Nelson Salamanca 0-0: Ball
1-0: Called Strike
1-1: Swinging Strike
1-2: Strikes out swinging
Batting: SHB Justin Houser 0-0: Called Strike
0-1: Called Strike
0-2: Ball
1-2: Foul Ball, location: 2F
1-2: Ball
2-2: Ball
3-2: Fly out, F7 (Flyball, 7D, EV 85.0 MPH)
Bottom of the 6th over - 0 runs, 1 hit, 0 errors, 1 left on base; Cincinnati (NYP) 0 - State College 2
TOP OF THE 7TH
Cincinnati (NYP) Reds batting - Pitching for State College Spikes : RHP Jake Newman
Batting: LHB Martin Koka 0-0: Ball
1-0: Called Strike
1-1: Ball
2-1: Swinging Strike
2-2: Foul Ball, location: 2F
2-2: Strikes out swinging, 2-3 out at first.
Batting: RHB Badr al Din Ridha 0-0: Ball
1-0: Ball
2-0: Foul Ball, location: 2F
2-1: Ground out 6-3 (Groundball, 6, EV 101.2 MPH)
Batting: LHB Brandon Sarni 0-0: Called Strike
0-1: Foul Ball, location: 2F
0-2: Foul Ball, location: 2F
0-2: Foul Ball, location: 2F
0-2: Foul Ball, location: 2F
0-2: Ball
1-2: Strikes out swinging
Top of the 7th over - 0 runs, 0 hits, 0 errors, 0 left on base; Cincinnati (NYP) 0 - State College 2
BOTTOM OF THE 7TH
State College Spikes batting - Pitching for Cincinnati (NYP) Reds : LHP Hiroshi Mukae
Batting: RHB Mario Carbajal 0-0: Ball
1-0: Foul Ball, location: 2F
1-1: Swinging Strike
1-2: Ball
2-2: Foul Ball, location: 2F
2-2: Strikes out swinging
Batting: RHB Edgar Klockow 0-0: SINGLE (Groundball, 4MD, EV 103.1 MPH)
Batting: RHB John James 0-0: Called Strike
0-1: Ground out 5-3 (Groundball, 5S, EV 73.8 MPH)
Edgar Klockow to second
Batting: RHB Ben Politi 0-0: Called Strike
0-1: Called Strike
0-2: Ball
1-2: Ball
2-2: Strikes out looking
Bottom of the 7th over - 0 runs, 1 hit, 0 errors, 1 left on base; Cincinnati (NYP) 0 - State College 2
TOP OF THE 8TH
Cincinnati (NYP) Reds batting - Pitching for State College Spikes : RHP Jake Newman
Batting: LHB Fernando Gomez 0-0: Called Strike
0-1: Ball
1-1: Ground out 5-3 (Groundball, 56, EV 110.0 MPH)
Batting: SHB Cesar Pelayo 0-0: Ground out 4-3 (Groundball, 4, EV 96.2 MPH)
Batting: RHB Chris Christaldi 0-0: Hit by Pitch
Batting: RHB Nick Moreno 0-0: Ground out 4-3 (Groundball, 4, EV 85.0 MPH)
Top of the 8th over - 0 runs, 0 hits, 0 errors, 1 left on base; Cincinnati (NYP) 0 - State College 2
BOTTOM OF THE 8TH
State College Spikes batting - Pitching for Cincinnati (NYP) Reds : LHP Hiroshi Mukae
Batting: RHB Shou-feng Chang 0-0: Swinging Strike
0-1: Fly out, F4 (Popup, 4S, EV 83.8 MPH)
Batting: LHB Ken Morehead 0-0: Ball
1-0: Foul Ball, location: 2F
1-1: Ball
2-1: Ball
3-1: Base on Balls
Pitching: RHP Kevin Nabity
Batting: LHB Ken Compton 0-0: SINGLE (Groundball, 6, EV 109.4 MPH)
Ken Morehead to second
Batting: RHB Nelson Salamanca 0-0: Foul Ball, location: 2F
0-1: Fielders Choice at 2nd, 6-4 (Groundball, 6, EV 92.5 MPH)
Ken Morehead to third
Batting: SHB Justin Houser 0-0: Fly out, F9 (Flyball, 9, EV 87.5 MPH)
Bottom of the 8th over - 0 runs, 1 hit, 0 errors, 2 left on base; Cincinnati (NYP) 0 - State College 2
TOP OF THE 9TH
Cincinnati (NYP) Reds batting - Pitching for State College Spikes : RHP Jake Newman
Now at 1B: Justin Houser
Now at SS: Nick Latulippe
Batting: LHB Josh Slusarczyk 0-0: Called Strike
0-1: Foul Ball, location: 2F
0-2: Ball
1-2: Foul Ball, location: 2F
1-2: Foul Ball, location: 2F
1-2: Reached via error on a dropped throw from P, E3 (Groundball, 13S, EV 77.5 MPH)
Batting: LHB Cesar Arteaga 0-0: SINGLE (Groundball, 4MD, EV 108.8 MPH)
Josh Slusarczyk to second
Batting: LHB Martin Koka 0-0: Bunt missed!
0-1: Bunt missed!
0-2: Ball
1-2: Ball
2-2: Ball
3-2: Base on Balls
Josh Slusarczyk to third
Cesar Arteaga to second
Pinch Hitting: RHB Andy Bachman 0-0: SINGLE (Groundball, 34D, EV 98.8 MPH)
Josh Slusarczyk scores
Cesar Arteaga to third
Martin Koka to second
Runner from 3rd tries for Home, throw by RF and OUT! 9-2
Pitching: RHP Tim Watson
Batting: LHB Brandon Sarni 0-0: Called Strike
0-1: Swinging Strike
0-2: DOUBLE (Flyball, 8RXD, EV 105.6 MPH)
Martin Koka scores
Andy Bachman to third
Batting: LHB Fernando Gomez 0-0: SINGLE (Groundball, 4D, EV 97.5 MPH)
Andy Bachman scores
Brandon Sarni to third
Runner from 3rd tries for Home, SAFE, throw by RF to home
Fernando Gomez to second
Batting: SHB Cesar Pelayo 0-0: Ball
1-0: Called Strike
1-1: Hit by Pitch
Pinch Runner at 1st Will Trudeau:
Batting: RHB Chris Christaldi 0-0: Ball
1-0: Grounds into double play, 5-4-3 (Groundball, 56S, EV 88.8 MPH)
Top of the 9th over - 4 runs, 4 hits, 1 error, 1 left on base; Cincinnati (NYP) 4 - State College 2
BOTTOM OF THE 9TH
State College Spikes batting - Pitching for Cincinnati (NYP) Reds : RHP Kevin Nabity
Pitching: LHP Brett Grijalva
Now at 1B: Dave Ruiz
Now in CF: Jose Cruz
Batting: RHB Mario Carbajal 0-0: Called Strike
0-1: Called Strike
0-2: Ball
1-2: Ball
2-2: Strikes out swinging
Batting: RHB Edgar Klockow 0-0: Ball
1-0: Called Strike
1-1: Foul Ball, location: 2F
1-2: Foul Ball, location: 2F
1-2: Foul Ball, location: 2F
1-2: Ball
2-2: Strikes out swinging
Pinch Hitting: RHB Juan Carrillo 0-0: Ball
1-0: Ball
2-0: Foul Ball, location: 2F
2-1: Foul Ball, location: 2F
2-2: SINGLE (Groundball, 6, EV 98.8 MPH)
Batting: RHB Ben Politi 0-0: SINGLE (Groundball, 6D, EV 94.4 MPH)
Juan Carrillo to second
Batting: RHB Shou-feng Chang 0-0: Fly out, F9 (Flyball, 9D, EV 94.4 MPH)
Bottom of the 9th over - 0 runs, 2 hits, 0 errors, 2 left on base; Cincinnati (NYP) 4 - State College 2
Sunday, July 16th , 2023 - OOTP Baseball 24.6 Build 69